 Dungeon Crawl Stone Soup version 0.29.1-12-g30fa7ad0bf (webtiles) character file.

Game seed: 17873905135223179160

28 javelincjr the Insei (level 3, -5/27 HPs)
             Began as a Djinni Transmuter on Dec 16, 2022.
             Slain by an orc
             ... wielding a +0 trident
              (8 damage)
             ... on level 2 of the Dungeon.
             The game lasted 00:03:28 (1380 turns).

javelincjr the Insei (Djinni Transmuter)            Turns: 1380, Time: 00:03:29

Health: -5/27      AC:  2    Str: 11    XL:     3   Next: 27%
Gold:   41         EV: 12    Int: 14    God:
                   SH:  0    Dex: 13

rFire   + + .      SeeInvis .   j - +0 short sword (drain)
rCold   x . .      Faith    .   (no shield)
rNeg    . . .      Spirit   .   a - +0 robe
rPois   ∞          Reflect  .   (no helmet)
rElec   .          Harm     .   (no cloak)
rCorr   .          Rampage  .   (no gloves)
Will    .....                   (boots unavailable)
Stlth   +.........              (no amulet)
HPRegen 0.09/turn               (no ring)
MPRegen 0.00/turn               (no ring)

@: flying
A: sickness immunity, fire resistance 2, cold vulnerability 1, float, innate
caster, HP casting, extra vitality 1
a: no special abilities


You were on level 2 of the Dungeon.
You visited 1 branch of the dungeon, and saw 2 of its levels.

You collected 41 gold pieces.

Inventory:

Hand Weapons
 e - a +0 dagger
 i - a +0 spear
 j - a +0 short sword of draining (weapon)
Armour
 a - a +0 robe (worn)
Scrolls
 c - 3 scrolls of teleportation {unknown}
 d - a scroll of blinking {unknown}
 f - 2 scrolls of identify {unknown}
 h - a scroll of fear {unknown}
 k - a scroll of brand weapon {unknown}
Potions
 b - a potion of lignification
 g - a potion of heal wounds {unknown}
 l - a potion of ambrosia {unknown}


   Skills:
 + Level 1.0 Fighting
 + Level 0.1 Short Blades
 + Level 2.3 Dodging
 + Level 0.2 Stealth
 + Level 3.7 Unarmed Combat
 + Level 1.9 Spellcasting


You couldn't memorise any spells.
You knew the following spells:

 Your Spells              Type           Power      Damage    Failure   Level
a - Beastly Appendage     Tmut           12%        N/A       11%         1
b - Wereblood             Tmut           6%         N/A       16%         2
c - Spider Form           Tmut/Pois      6%         N/A       32%         3
d - Ice Form              Ice/Tmut       6%         N/A       71%         4
e - Apportation           Tloc           12%        N/A       11%         1
Your spell library was empty.

Dungeon Overview and Level Annotations

Branches:
Dungeon (2/15)

Altars:


Innate Abilities, Weirdness & Mutations

You are immune to sickness and miasma.
You are immune to poison.
Your flesh is very heat resistant. (rF++)
You are vulnerable to cold. (rC-)
You float through the air rather than walking.
You learn spells naturally, not from books.
Your magical power is your life essence.
You have superior vitality. (+4 MHP)


Message History

The orc shouts!
The hobgoblin shouts!
The hobgoblin moves out of view.
An endoplasm comes into view.
Found 21 gold pieces.
The endoplasm quivers.
A dart slug comes into view.
Casting: Beastly Appendage (safe; 11% risk of failure)
Confirm with . or Enter, or press ? or * to list all spells.
You miscast Wereblood.
You are very lightly contaminated with residual magic.
Nothing appears to happen.
The orc shouts!
An orc priest comes into view. It is wielding a +0 club.
Found a scroll labelled MOBLEI FENOOTT and a smoky purple potion.
The rat closely misses you.
You barely miss the rat. The hobgoblin closely misses you.
An adder comes into view.
The orc barely misses you. The rat bites you. The rat barely misses you.
The hobgoblin hits you. The orc closely misses you.
You closely miss the rat.
The adder hisses angrily.
The orc priest shouts!
The orc hits you with a +0 hand axe. The rat barely misses you.
The orc hits you from afar with a +0 trident.
The hobgoblin closely misses you. The hobgoblin attacks as you move away!
The hobgoblin hits you.
* * * LOW HITPOINT WARNING * * *
The rat attacks as you move away! The rat closely misses you.
The endoplasm jiggles.
You closely miss the orc. The orc hits you but does no damage.
You hit the orc. You drain the orc.
The orc is severely wounded.
The orc hits you with a +0 hand axe.
* * * LOW HITPOINT WARNING * * *
You hit the orc.
You kill the orc!
Your magical contamination has completely faded away.
You hit the rat.
You kill the rat!
The orc hits you from afar with a +0 trident!
You die...

....
#######....
#..........
#.........#
#.$.......#
#..wSo!...#
#.goJ....?#
##)# #.@# #.##
#.#
######.#####
#..........#
#..........##
#.............
#..........###
#..........#


You could see an orc priest, an adder, a dart slug, an orc, an endoplasm and a
hobgoblin.

Vanquished Creatures
  A dart slug (D:1)
  An orc (D:2)
  A ball python (D:1)
  4 endoplasms (D:1)
  A giant cockroach (D:1)
  2 goblins (D:2)
  3 hobgoblins
  3 kobolds (D:1)
  3 bats (D:1)
  2 rats (D:2)
21 creatures vanquished.

Notes
Turn   | Place    | Note
-------+----------+-------------------------------------------
     0 | D:1      | javelincjr the Djinni Transmuter began the quest for the
                  | Orb.
     0 | D:1      | javelincjr set off with the following spells memorised:
                  | Beastly Appendage, Wereblood, Spider Form, Ice Form.
     0 | D:1      | Reached XP level 1. HP: 17/17 MP: 0/0
   497 | D:1      | Reached XP level 2. HP: 21/22 MP: 0/0
  1307 | D:1      | Reached XP level 3. HP: 27/27 MP: 0/0
  1307 | D:1      | Learned a level 1 spell: Apportation
  1380 | D:2      | Slain by an orc

Illustrated notes

Levels and vault maps discovered:
D:1:      ebering_trefoil_3fold, layout_basic, minmay_tiny_reverse_x
D:2:      layout_rooms, chequers_ecumenical_altar_simple_redux

Action                   || total
-------------------------++-------
Melee: Unarmed           ||    18
       Headbutt          ||    12
       Dagger            ||    23
       Short sword       ||    23
       Punch             ||     1
 Cast: Beastly Appendage ||     6
 Stab: Sleeping          ||     2
Armor: Robe              ||     8
Dodge: Dodged            ||    49
